 Dungeon Crawl Stone Soup version 0.26-a0-854-gdc81c2f471 (webtiles) character file.

Game seed: 14153520781182999480

90 Peloso the Skirmisher (level 4, -1/40 HPs)
             Began as a Palentonga Fighter on Nov 24, 2020.
             Killed from afar by a white imp (8 damage)
             ... with a puff of frost
             ... summoned by Natasha
             ... on level 2 of the Dungeon.
             The game lasted 00:04:00 (1350 turns).

Peloso the Skirmisher (Palentonga Fighter)          Turns: 1350, Time: 00:04:01

Health: -1/40      AC:  0    Str: 19    XL:     4   Next: 32%
Magic:  4/4        EV: 13    Int:  8    God:
Gold:   63         SH:  0    Dex: 11    Spells: 3/3 levels left

rFire    . . .     SeeInvis +   (weapon currently unavailable)
rCold    . . .     Faith    .   (shield currently unavailable)
rNeg     . . .     Spirit   .   (armour currently unavailable)
rPois    .         Reflect  .   (helmet currently unavailable)
rElec    .         Harm     .   (cloak currently unavailable)
rCorr    .         Rampage  .   (gloves currently unavailable)
MR       .....                  (no barding)
Stlth    +.........             (no amulet)
HPRegen  0.13/turn              (ring currently unavailable)
MPRegen  0.09/turn              (ring currently unavailable)

@: pig-form, slowed
A: small, rugged brown scales 3, see invisible
a: no special abilities


You were on level 2 of the Dungeon.
You were a filthy swine.
You visited 1 branch of the dungeon, and saw 2 of its levels.

You collected 63 gold pieces.

Inventory:

Hand Weapons
 a - a +0 long sword (melded)
Armour
 b - a +0 scale mail (melded)
 c - a +0 kite shield (melded)
Jewellery
 f - a +6 ring of dexterity {unknown}
Scrolls
 e - a scroll of enchant armour {unknown}
 g - a scroll of amnesia
 i - a scroll of identify
Potions
 d - a potion of might
 h - 2 potions of brilliance


   Skills:
 + Level 3.2 Fighting
 + Level 3.2 Long Blades
 + Level 3.1 Armour
 + Level 0.1 Dodging
 + Level 2.9 Shields


You had 3 spell levels left.
You didn't know any spells.
Your spell library was empty.

Dungeon Overview and Level Annotations

Branches:
Dungeon (2/15)

Altars:
Qazlal
Sif Muna
Xom
Zin

Annotations:
D:2 Natasha


Innate Abilities, Weirdness & Mutations

(You are completely covered in rugged brown scales. (AC +3, +7% HP))
You have supernaturally acute eyesight. (SInv)
((Armour fits poorly on your strangely shaped body.))
((You can roll at nearby foes to attack.))
((You have a long armoured tail.))


Message History

Natasha casts a spell at you. The magic dart hits you.
The white imp gestures at you. The puff of frost hits you.
Natasha stares at you and mumbles some strange words.
You feel yourself slow down. You block the white imp's attack.
Natasha zaps a wand.
You turn into a filthy swine.
Your +0 long sword melds into your body.
Your +0 kite shield melds into your body.
Your +0 scale mail melds into your body.
The white imp misses you. The white imp hits you. The white imp freezes you.
Natasha closely misses you.
Unknown command.
The white imp completely misses you. Natasha claws you.
* * * LOW HITPOINT WARNING * * *
Unknown command.
The white imp gestures at you. The puff of frost hits you!
You die...

#.....(.#.###...†#
#.#...###..####..##
##..# ##....#...#
##...
#.....†#.######
####.###.#....†....#
#.....##..#####.#
####...#..## #.###
##..#...# #...###
##.h.#.# ###...##
#.h5..# ###..#
#......### ##.# .
#..<.....>.#####.#.#
#.............##...#
#........#^........#
#........#.......#..
#........##......###
#)...............#


You could see Natasha and a white imp (summoned).

Vanquished Creatures
  Natasha (D:2)
  2 adders (D:2)
  An ooze (D:1)
  2 dart slugs (D:1)
  A leopard gecko (D:2)
  2 bats (D:1)
  A giant cockroach (D:2)
  3 goblins
  8 hobgoblins (D:1)
  2 jackals (D:1)
  A quokka (D:2)
  A ball python (D:1)
  2 frilled lizards (D:1)
  5 kobolds
  9 rats
41 creatures vanquished.

Notes
Turn   | Place    | Note
-------+----------+-------------------------------------------
     0 | D:1      | Peloso the Palentonga Fighter began the quest for the Orb.
     0 | D:1      | Reached XP level 1. HP: 20/20 MP: 1/1
   362 | D:1      | Reached XP level 2. HP: 27/27 MP: 2/2
   553 | D:1      | Reached XP level 3. HP: 26/33 MP: 3/3
   767 | D:1      | Found a bloodstained altar of Trog.
   769 | D:1      | Found a shimmering blue altar of Sif Muna.
   769 | D:1      | Found a glowing silver altar of Zin.
   774 | D:1      | Found a glowing silver altar of Zin.
   774 | D:1      | Found a stormy altar of Qazlal.
   774 | D:1      | Found a shimmering altar of Xom.
  1241 | D:2      | Noticed Natasha
  1256 | D:2      | Killed Natasha
  1304 | D:2      | Reached XP level 4. HP: 37/40 MP: 4/4
  1342 | D:2      | Noticed Natasha
  1350 | D:2      | Killed from afar by a white imp

Illustrated notes

Levels and vault maps discovered:
D:1:      nagdon_arrival_double_spiral, layout_loops_ring,
          roderic_roman_lattice, doesnt_xom_only_xom
D:2:      layout_rooms, grunt_ministairs_10, uniq_natasha

Skill      XL: |  1  2  3 |
---------------+----------+-----
Armour         | 3 |  3.1
Long Blades    | 3 |  3.2
Fighting       | |  3.2
Dodging        | |  0.1
Shields        | |  2.9

Action                   |  1- 3 |  4- 6 || total
-------------------------+-------+-------++-------
Melee: Long sword        |   101 |    10 ||   111
       Tailslap          |    11 |     1 ||    12
       Unarmed           |     2 |       ||     2
  Use: Potion            |     2 |       ||     2
       Scroll            |     4 |       ||     4
Armor: Scale mail        |    63 |     3 ||    66
       Skin              |     1 |       ||     1
Dodge: Dodged            |    21 |     4 ||    25
Block: Kite shield       |    52 |     7 ||    59
       Rpst.: Long sword |     4 |     1 ||     5

Table legend: (Time is in decaauts)
 A = Elapsed time spent in this place.
 B = Non-inter-level travel time spent in this place.
 C = Inter-level travel time spent in this place.
 D = Time resting spent in this place.
 E = Time spent auto-exploring this place.
 F = Levels seen in this place.
 G = Mean time per level.
                   A        B        C        D        E       F      G
               +--------+--------+--------+--------+--------+-----+--------+
         Total |   1389 |   1370 |     19 |      0 |    991 |   2 |  694.5 |
       Dungeon |   1389 |   1370 |     19 |      0 |    991 |   2 |  694.5 |
               +--------+--------+--------+--------+--------+-----+--------+

Top non-repeatable levels by time:
     D:1: 1222 daAuts
     D:2: 167 daAuts
